MLB
MIAMI MARLINS @ OAKLAND ATHLETICS
07/01/2020
 
TOP OF THE 1ST
Miami Marlins batting - Pitching for Oakland Athletics : RHP Yefry Ramirez
Pitching: RHP Yefry Ramirez
Batting: RHB Victor Robles 0-0: Called Strike
0-1: Foul Ball, location: 2F
0-2: TRIPLE (Flyball, 78XD, EV 98.8 MPH)
Batting: SHB Francisco Lindor 0-0: Ball
1-0: Called Strike
1-1: Ball
2-1: SINGLE (Line Drive, 5D, EV 94.4 MPH)
Victor Robles scores
Batting: RHB Javier Baez 0-0: Ball
1-0: Ball
2-0: Called Strike
2-1: Ball
3-1: Foul Ball, location: 2F
3-2: SINGLE (Groundball, 34D, EV 85.0 MPH) (infield hit)
Francisco Lindor to second
Batting: LHB Michael Conforto 0-0: Ball
1-0: Ball
2-0: SINGLE (Groundball, 56D, EV 97.5 MPH)
Francisco Lindor to third
Javier Baez to second
Runner from 3rd tries for Home, SAFE, throw by LF to home
Batting: RHB Miguel Andujar 0-0: Ball
1-0: Ball
2-0: Ball
3-0: Foul Ball, location: 2F
3-1: Foul Ball, location: 2F
3-2: Strikes out swinging
Batting: LHB Brandon Belt 0-0: Called Strike
0-1: Ball
1-1: Ball
2-1: Foul Ball, location: 2F
2-2: Ground out 5-3 (Groundball, 6S, EV 78.1 MPH)
Javier Baez to third
Michael Conforto to second
Batting: RHB C.J. Cron 0-0: Ball
1-0: Ball
Wild Pitch!
Javier Baez scores
Michael Conforto to third
2-0: Called Strike
2-1: Foul Ball, location: 2F
2-2: Ball
3-2: 2-RUN HOME RUN (Flyball, 89XD, EV 97.5 MPH), Distance : 412 ft
Batting: RHB Jordan Luplow 0-0: Called Strike
0-1: Called Strike
0-2: Ball
1-2: Ball
2-2: Fly out, F8 (Flyball, 8LXD, EV 103.1 MPH)
Top of the 1st over - 5 runs, 5 hits, 0 errors, 0 left on base; Miami 5 - Oakland 0
BOTTOM OF THE 1ST
Oakland Athletics batting - Pitching for Miami Marlins : RHP Rogelio Armenteros
Pitching: RHP Rogelio Armenteros
Batting: LHB Brock Holt 0-0: Ball
1-0: Called Strike
1-1: Called Strike
1-2: Ground out 2-3 (Groundball, 15S, EV 70.0 MPH)
Batting: LHB Scooter Gennett 0-0: Ball
1-0: Ball
2-0: Ball
3-0: DOUBLE (Line Drive, 9LS, EV 103.1 MPH)
Batting: LHB Joey Votto 0-0: Ball
1-0: Ball
2-0: Ball
3-0: Called Strike
3-1: Base on Balls
Batting: RHB Luke Voit 0-0: Ball
1-0: Swinging Strike
1-1: Foul Ball, location: 2F
1-2: Ball
2-2: Fly out, F4 (Popup, 4, EV 55.0 MPH)
Batting: LHB Mike Tauchman 0-0: Called Strike
0-1: DOUBLE (Line Drive, 89M, EV 106.3 MPH)
Scooter Gennett scores
Joey Votto to third
Runner from 3rd tries for Home, SAFE, no throw by RF
Batting: RHB Kurt Suzuki 0-0: SINGLE (Line Drive, 56D, EV 110.0 MPH)
Mike Tauchman to third
Runner from 3rd tries for Home, SAFE, throw by LF to home
Batting: SHB Freddy Galvis 0-0: Called Strike
0-1: Swinging Strike
0-2: Ball
1-2: Foul Ball, location: 2F
1-2: Strikes out swinging
Bottom of the 1st over - 3 runs, 3 hits, 0 errors, 1 left on base; Miami 5 - Oakland 3
TOP OF THE 2ND
Miami Marlins batting - Pitching for Oakland Athletics : RHP Yefry Ramirez
Batting: RHB Andrew Susac 0-0: Called Strike
0-1: Swinging Strike
0-2: Ball
1-2: Foul Ball, location: 2F
1-2: Ball
2-2: Strikes out looking
Batting: RHB Victor Robles 0-0: Ball
1-0: SINGLE (Groundball, 34D, EV 99.4 MPH)
Batting: SHB Francisco Lindor 0-0: Ball
1-0: Foul Ball, location: 2F
1-1: Called Strike
Victor Robles is caught stealing 2nd base 2-6
1-2: DOUBLE (Groundball, 5L, EV 107.5 MPH)
Batting: RHB Javier Baez 0-0: Ball
1-0: Called Strike
1-1: Ball
2-1: Foul Ball, location: 2F
2-2: Foul Ball, location: 2F
2-2: Foul Ball, location: 2F
2-2: Strikes out swinging
Top of the 2nd over - 0 runs, 2 hits, 0 errors, 1 left on base; Miami 5 - Oakland 3
BOTTOM OF THE 2ND
Oakland Athletics batting - Pitching for Miami Marlins : RHP Rogelio Armenteros
Batting: RHB Yandy Diaz 0-0: Called Strike
0-1: Called Strike
0-2: Ball
1-2: Strikes out swinging
Batting: LHB Alex Dickerson 0-0: Ball
1-0: Fly out, F8 (Line Drive, 8LM, EV 92.5 MPH)
Batting: LHB Brock Holt 0-0: Ball
1-0: SINGLE (Line Drive, 8RS, EV 98.8 MPH)
Batting: LHB Scooter Gennett 0-0: Ground out U3 (Groundball, 3L, EV 83.8 MPH)
Bottom of the 2nd over - 0 runs, 1 hit, 0 errors, 1 left on base; Miami 5 - Oakland 3
TOP OF THE 3RD
Miami Marlins batting - Pitching for Oakland Athletics : RHP Yefry Ramirez
Batting: LHB Michael Conforto 0-0: Ball
1-0: Ball
2-0: Ball
3-0: Called Strike
3-1: Base on Balls
Pitching: RHP Michael Feliz
Batting: RHB Miguel Andujar 0-0: Ball
1-0: Foul Ball, location: 2F
1-1: Swinging Strike
1-2: Ball
2-2: Ball
3-2: SINGLE (Flyball, 7LS, EV 99.4 MPH)
Michael Conforto to second
Batting: LHB Brandon Belt 0-0: Fly out, F8 (Line Drive, 8LM, EV 95.6 MPH)
Batting: RHB C.J. Cron 0-0: Ball
1-0: SINGLE (Groundball, 56D, EV 98.8 MPH)
Michael Conforto to third
Miguel Andujar to second
Runner from 3rd tries for Home, SAFE, throw by LF to home
Batting: RHB Jordan Luplow 0-0: Foul Ball, location: 2F
0-1: Called Strike
0-2: Foul Ball, location: 2F
0-2: Strikes out swinging
Batting: RHB Andrew Susac 0-0: Ball
1-0: Swinging Strike
1-1: Called Strike
1-2: Ball
2-2: Strikes out looking
Top of the 3rd over - 1 run, 2 hits, 0 errors, 2 left on base; Miami 6 - Oakland 3
BOTTOM OF THE 3RD
Oakland Athletics batting - Pitching for Miami Marlins : RHP Rogelio Armenteros
Now in LF: Adam Duvall
Batting: LHB Joey Votto 0-0: Ball
1-0: Ball
2-0: Called Strike
2-1: Ball
3-1: Base on Balls
Batting: RHB Luke Voit 0-0: Called Strike
0-1: Ball
1-1: Ball
2-1: Ball
3-1: Base on Balls
Joey Votto to second
Batting: LHB Mike Tauchman 0-0: Called Strike
0-1: Grounds into double play, 4-6-3 (Groundball, 4, EV 86.9 MPH)
Joey Votto to third
Batting: RHB Kurt Suzuki 0-0: Ball
1-0: Ball
2-0: Ball
3-0: Called Strike
3-1: Swinging Strike
3-2: Ground out 4-3 (Groundball, 4M, EV 80.6 MPH)
Bottom of the 3rd over - 0 runs, 0 hits, 0 errors, 1 left on base; Miami 6 - Oakland 3
TOP OF THE 4TH
Miami Marlins batting - Pitching for Oakland Athletics : RHP Michael Feliz
Pitching: RHP Ty Buttrey
Batting: RHB Victor Robles 0-0: Swinging Strike
0-1: Ground out 6-3 (Groundball, 6, EV 83.8 MPH)
Batting: SHB Francisco Lindor 0-0: Called Strike
0-1: Swinging Strike
0-2: Fly out, F2 (Popup, 2RF, EV 85.6 MPH)
Batting: RHB Javier Baez 0-0: Ball
1-0: Called Strike
1-1: Called Strike
1-2: Ball
2-2: Foul Ball, location: 2F
2-2: Strikes out swinging
Top of the 4th over - 0 runs, 0 hits, 0 errors, 0 left on base; Miami 6 - Oakland 3
BOTTOM OF THE 4TH
Oakland Athletics batting - Pitching for Miami Marlins : RHP Rogelio Armenteros
Batting: SHB Freddy Galvis 0-0: Reached on error, E3 (Groundball, 34S, EV 86.9 MPH)
Batting: RHB Yandy Diaz 0-0: Ball
1-0: Ball
2-0: Ball
3-0: Called Strike
3-1: Foul Ball, location: 2F
3-2: Base on Balls
Freddy Galvis to second
Batting: LHB Alex Dickerson Balk!
Freddy Galvis to third
Yandy Diaz to second
0-0: Ball
1-0: Ball
2-0: Ball
3-0: Base on Balls
Batting: LHB Brock Holt 0-0: Ball
1-0: Called Strike
1-1: Ball
2-1: Ball
3-1: Foul Ball, location: 2F
3-2: Foul Ball, location: 2F
3-2: SINGLE (Line Drive, 4, EV 98.8 MPH)
Freddy Galvis scores
Yandy Diaz to third
Alex Dickerson to second
Batting: LHB Scooter Gennett 0-0: Called Strike
0-1: Foul Ball, location: 2F
0-2: Grounds into fielders choice 4-2 (Groundball, 34, EV 84.4 MPH)
Alex Dickerson to third
Brock Holt to second
Batting: LHB Joey Votto 0-0: Ball
1-0: Ball
2-0: TRIPLE (Flyball, 8LXD, EV 90.6 MPH)
Alex Dickerson scores
Brock Holt scores
Scooter Gennett scores
Pitching: RHP Ian Kennedy
Batting: RHB Luke Voit 0-0: Called Strike
0-1: Foul Ball, location: 2F
0-2: Foul Ball, location: 2F
0-2: Ball
1-2: Foul Ball, location: 2F
1-2: DOUBLE (Groundball, 5L, EV 105.0 MPH)
Joey Votto scores
Batting: LHB Mike Tauchman 0-0: Ball
1-0: Ball
2-0: Ball
3-0: Called Strike
3-1: SINGLE (Line Drive, 89M, EV 107.5 MPH)
Luke Voit to third
Runner from 3rd tries for Home, SAFE, throw by RF to home
Mike Tauchman to second
Batting: RHB Kurt Suzuki 0-0: Called Strike
0-1: Called Strike
0-2: Ball
1-2: SINGLE (Groundball, 5D, EV 106.9 MPH)
Mike Tauchman to third
Runner from 3rd tries for Home, throw by LF and OUT! 7-2
Batting: SHB Freddy Galvis 0-0: Called Strike
0-1: Ground out 6-3 (Groundball, 6S, EV 82.5 MPH)
Bottom of the 4th over - 6 runs, 5 hits, 1 error, 1 left on base; Miami 6 - Oakland 9
TOP OF THE 5TH
Miami Marlins batting - Pitching for Oakland Athletics : RHP Ty Buttrey
Batting: RHB Adam Duvall 0-0: SINGLE (Line Drive, 7LS, EV 103.8 MPH)
Batting: RHB Miguel Andujar 0-0: Called Strike
0-1: Ball
1-1: Foul Ball, location: 2F
1-2: Strikes out swinging
Pitching: RHP Devin Williams
Batting: LHB Brandon Belt 0-0: Called Strike
0-1: Swinging Strike
0-2: Ball
1-2: Strikes out looking
Batting: RHB C.J. Cron 0-0: Called Strike
0-1: Foul Ball, location: 2F
0-2: Foul Ball, location: 2F
0-2: Ball
1-2: Strikes out looking
Top of the 5th over - 0 runs, 1 hit, 0 errors, 1 left on base; Miami 6 - Oakland 9
BOTTOM OF THE 5TH
Oakland Athletics batting - Pitching for Miami Marlins : RHP Ian Kennedy
Batting: RHB Yandy Diaz 0-0: Ball
1-0: Ball
2-0: Ball
3-0: Called Strike
3-1: Called Strike
3-2: Base on Balls
Pitching: RHP Emmanuel Clase
Batting: LHB Alex Dickerson 0-0: Foul Ball, location: 2F
0-1: Swinging Strike
0-2: Ball
1-2: Strikes out looking
Batting: LHB Brock Holt 0-0: Called Strike
0-1: Ball
1-1: Ball
Wild Pitch!
Yandy Diaz to second
2-1: Ball
3-1: Ground out 6-3 (Groundball, 6, EV 85.6 MPH)
Batting: LHB Scooter Gennett 0-0: Ball
1-0: Ball
2-0: Foul Ball, location: 2F
2-1: Called Strike
2-2: Foul Ball, location: 2F
2-2: Foul Ball, location: 2F
2-2: Foul Ball, location: 2F
2-2: Strikes out swinging
Bottom of the 5th over - 0 runs, 0 hits, 0 errors, 1 left on base; Miami 6 - Oakland 9
TOP OF THE 6TH
Miami Marlins batting - Pitching for Oakland Athletics : RHP Devin Williams
Batting: RHB Jordan Luplow 0-0: Swinging Strike
0-1: Ball
1-1: Called Strike
1-2: Ball
2-2: Strikes out looking
Batting: RHB Andrew Susac 0-0: Ball
1-0: Called Strike
1-1: Ball
2-1: Ball
3-1: Base on Balls
Pitching: RHP Wilmer Font
Batting: RHB Victor Robles 0-0: Called Strike
0-1: SINGLE (Line Drive, 7S, EV 105.0 MPH)
Andrew Susac to second
Batting: SHB Francisco Lindor 0-0: Foul Ball, location: 2F
0-1: Grounds into double play, 4-6-3 (Groundball, 4M, EV 80.0 MPH)
Top of the 6th over - 0 runs, 1 hit, 0 errors, 1 left on base; Miami 6 - Oakland 9
BOTTOM OF THE 6TH
Oakland Athletics batting - Pitching for Miami Marlins : RHP Emmanuel Clase
Batting: LHB Joey Votto 0-0: Foul Ball, location: 2F
0-1: Ball
1-1: Ball
2-1: Ball
3-1: Base on Balls
Batting: RHB Luke Voit 0-0: Foul Ball, location: 2F
0-1: Grounds into double play, 2-4-3 (Groundball, 15S, EV 70.0 MPH)
Batting: LHB Mike Tauchman 0-0: Ball
1-0: Called Strike
1-1: DOUBLE (Groundball, 3L, EV 103.1 MPH)
Pitching: RHP Tyler Bashlor
Batting: RHB Kurt Suzuki 0-0: Called Strike
0-1: Foul Ball, location: 2F
0-2: Foul Ball, location: 2F
0-2: Ball
1-2: Foul Ball, location: 2F
Balk!
Mike Tauchman to third
1-2: Strikes out swinging
Bottom of the 6th over - 0 runs, 1 hit, 0 errors, 1 left on base; Miami 6 - Oakland 9
TOP OF THE 7TH
Miami Marlins batting - Pitching for Oakland Athletics : RHP Wilmer Font
Pitching: RHP DeMarcus Evans
Batting: RHB Javier Baez 0-0: Ball
1-0: Ball
2-0: Fly out, F9 (Flyball, 89D, EV 108.8 MPH)
Batting: RHB Adam Duvall 0-0: Ball
1-0: Called Strike
1-1: Ball
2-1: SINGLE (Groundball, 56S, EV 70.6 MPH) (infield hit)
Batting: RHB Miguel Andujar 0-0: Fly out, F9 (Flyball, 89XD, EV 90.6 MPH)
Batting: LHB Brandon Belt 0-0: Called Strike
0-1: Foul Ball, location: 2F
0-2: Strikes out swinging
Top of the 7th over - 0 runs, 1 hit, 0 errors, 1 left on base; Miami 6 - Oakland 9
BOTTOM OF THE 7TH
Oakland Athletics batting - Pitching for Miami Marlins : RHP Tyler Bashlor
Pitching: RHP David Carpenter
Batting: SHB Freddy Galvis 0-0: Foul Ball, location: 2F
0-1: Ball
1-1: Swinging Strike
1-2: Foul Ball, location: 2F
1-2: SOLO HOME RUN (Line Drive, 9D, EV 105.0 MPH), Distance : 408 ft
Batting: RHB Yandy Diaz 0-0: Called Strike
0-1: Foul Ball, location: 2F
0-2: Ball
1-2: Foul Ball, location: 2F
1-2: Ball
2-2: Ground out 4-3 (Groundball, 4, EV 105.6 MPH)
Batting: LHB Alex Dickerson 0-0: Ball
1-0: DOUBLE (Flyball, 8LXD, EV 95.0 MPH)
Batting: LHB Brock Holt 0-0: Foul Ball, location: 2F
0-1: Swinging Strike
0-2: Ball
1-2: Strikes out looking
Pitching: LHP Conner Menez
Batting: LHB Scooter Gennett 0-0: Called Strike
0-1: Ball
1-1: Swinging Strike
1-2: Foul Ball, location: 2F
1-2: Strikes out looking
Bottom of the 7th over - 1 run, 2 hits, 0 errors, 1 left on base; Miami 6 - Oakland 10
TOP OF THE 8TH
Miami Marlins batting - Pitching for Oakland Athletics : RHP DeMarcus Evans
Pitching: RHP Felix Bautista
Batting: RHB C.J. Cron 0-0: Ball
1-0: Called Strike
1-1: Ball
2-1: SOLO HOME RUN (Flyball, 7D, EV 101.3 MPH), Distance : 393 ft
Batting: RHB Jordan Luplow 0-0: Swinging Strike
0-1: Ball
1-1: Ball
2-1: Fly out, F7 (Flyball, 7D, EV 80.6 MPH)
Batting: RHB Andrew Susac 0-0: Foul Ball, location: 2F
0-1: Called Strike
0-2: Ball
1-2: Ball
2-2: Foul Ball, location: 2F
2-2: Ball
3-2: Base on Balls
Pitching: LHP Aaron Bummer
Batting: RHB Victor Robles 0-0: Called Strike
0-1: SINGLE (Groundball, 34S, EV 72.5 MPH) (infield hit)
Andrew Susac to second
Batting: SHB Francisco Lindor 0-0: Called Strike
0-1: Ball
1-1: Ball
2-1: Ball
3-1: Base on Balls
Andrew Susac to third
Victor Robles to second
Batting: RHB Javier Baez 0-0: Foul Ball, location: 2F
0-1: Ball
1-1: Fly out, F8 (Line Drive, 8LM, EV 94.4 MPH)
Runner from 3rd tags up, SCORES, throw by CF
Batting: RHB Adam Duvall 0-0: Ball
1-0: Called Strike
1-1: Swinging Strike
1-2: Foul Ball, location: 2F
1-2: DOUBLE (Flyball, 8RXD, EV 88.1 MPH)
Victor Robles scores
Francisco Lindor to third
Batting: RHB Miguel Andujar 0-0: Called Strike
0-1: Called Strike
0-2: Foul Ball, location: 2F
0-2: Foul Ball, location: 2F
0-2: Foul Ball, location: 2F
0-2: Strikes out swinging
Top of the 8th over - 3 runs, 3 hits, 0 errors, 2 left on base; Miami 9 - Oakland 10
BOTTOM OF THE 8TH
Oakland Athletics batting - Pitching for Miami Marlins : LHP Conner Menez
Pitching: LHP Caleb Thielbar
Batting: LHB Joey Votto 0-0: Ball
1-0: Swinging Strike
1-1: Foul Ball, location: 2F
1-2: Ball
2-2: SINGLE (Line Drive, 78M, EV 107.5 MPH)
Batting: RHB Luke Voit 0-0: Foul Ball, location: 2F
0-1: SINGLE (Groundball, 6MD, EV 106.3 MPH)
Joey Votto to second
Batting: LHB Mike Tauchman 0-0: Ball
1-0: Foul Ball, location: 2F
1-1: Ball
2-1: Foul Ball, location: 2F
2-2: 3-RUN HOME RUN (Flyball, 9LD, EV 108.8 MPH), Distance : 353 ft
Pitching: RHP Jordan Hicks
Batting: RHB Kurt Suzuki 0-0: Ball
1-0: Foul Ball, location: 2F
1-1: Ball
2-1: Ground out 6-3 (Groundball, 6, EV 90.6 MPH)
Batting: SHB Freddy Galvis 0-0: Ball
1-0: Called Strike
1-1: Swinging Strike
1-2: Strikes out swinging
Batting: RHB Yandy Diaz 0-0: Ball
1-0: Swinging Strike
1-1: Swinging Strike
1-2: Strikes out swinging
Bottom of the 8th over - 3 runs, 3 hits, 0 errors, 0 left on base; Miami 9 - Oakland 13
TOP OF THE 9TH
Miami Marlins batting - Pitching for Oakland Athletics : LHP Aaron Bummer
Batting: LHB Brandon Belt 0-0: Swinging Strike
0-1: Ground out U3 (Groundball, 3L, EV 81.9 MPH)
Batting: RHB C.J. Cron 0-0: Called Strike
0-1: Called Strike
0-2: Strikes out swinging
Batting: RHB Jordan Luplow 0-0: Called Strike
0-1: Ball
1-1: Called Strike
1-2: Strikes out swinging
Top of the 9th over - 0 runs, 0 hits, 0 errors, 0 left on base; Miami 9 - Oakland 13
Monday, August 31st, 2020 - OOTP Baseball 21.5 Build 76